 Dungeon Crawl Stone Soup version 0.21-a0-400-g417d9d2 (webtiles) character file.

1269 Espgualade the Skirmisher (level 8, 4/51 HPs)
             Began as a Tengu Ice Elementalist on Oct 14, 2017.
             Was an Initiate of Vehumet.
             Quit the game on level 7 of the Dungeon on Oct 20, 2017.
             The game lasted 00:15:51 (6263 turns).

Espgualade the Skirmisher (Tengu Ice Elementalist)  Turns: 6263, Time: 00:15:52

Health: 4/51       AC:  8    Str: 14    XL:     8   Next: 53%
Magic:  16/16      EV: 16    Int: 17    God:    Vehumet [......]
Gold:   410        SH:  0    Dex: 20    Spells: 7/17 levels left

rFire    . . .     SeeInvis .   p - +4 mace
rCold    . . .     Gourm    .   (no shield)
rNeg     . . .     Faith    .   a - +1 robe
rPois    .         Spirit   .   (helmet restricted)
rElec    .         Reflect  .   (no cloak)
rCorr    .         Harm     .   (no gloves)
MR       .....                  (boots unavailable)
Stlth    +++.......             (no amulet)
HPRegen  0.17/turn              t - +5 ring of dexterity
MPRegen  0.15/turn              (no ring)

@: mighty, lethally poisoned (4 -> -14), icy armour, slowed, very slow
A: beak, talons 3, able to fly 1
a: Fly, Renounce Religion


You were on level 7 of the Dungeon.
You worshipped Vehumet.
Vehumet was noncommittal.
You were hungry.

You visited 2 branches of the dungeon, and saw 8 of its levels.

You collected 410 gold pieces.

Inventory:

Hand Weapons
 p - a +4 mace (weapon)
 r - a +3 quarterstaff
Armour
 a - a +1 robe (worn)
Magical Staves
 w - an uncursed staff of fire {unknown}
Jewellery
 q - an uncursed ring of teleportation
 t - a +5 ring of dexterity (left hand)
Wands
 d - a wand of polymorph (7/24)
Scrolls
 e - a scroll of teleportation
 l - a scroll of amnesia
 o - 8 scrolls of identify
 s - 4 scrolls of remove curse
 v - a scroll of noise
Potions
 g - a potion of brilliance
 h - a potion of agility
 k - 2 potions of magic
Books
 b - a book of Frost

   Spells                             Type                      Level
   a - Freeze                         Ice                          1
   b - Throw Frost                    Conjuration/Ice              2
   c - Ozocubu's Armour               Charms/Ice                   3
   d - Throw Icicle                   Conjuration/Ice              4
   e - Summon Ice Beast               Ice/Summoning                4
Comestibles
 c - 4 bread rations
 f - 2 meat rations
 i - 4 fruits
 j - 2 royal jellies


   Skills:
 - Level 5.6 Fighting
 - Level 5.0 Dodging
 - Level 5.2 Stealth
 + Level 5.2 Spellcasting
 - Level 1.3 Conjurations
 - Level 2.6 Ice Magic


You had 7 spell levels left.
You knew the following spells:

 Your Spells              Type           Power        Failure   Level  Hunger
a - Freeze                Ice            ##..         4%          1    None
b - Throw Frost           Conj/Ice       ##....       9%          2    #......
c - Ozocubu's Armour      Chrm/Ice       #.......     24%         3    ###....
d - Throw Icicle          Conj/Ice       ##......     52%         4    ####...


Dungeon Overview and Level Annotations

Branches:
Dungeon (7/15)             Temple (1/1) D:7

Altars:
Ashenzari
Cheibriados
Elyvilon
Fedhas
Hepliaklqana
Kikubaaqudgha
Makhleb
Nemelex Xobeh
Okawaru
Ru
Sif Muna
Trog
Uskayaw
Vehumet
Wu Jian
Xom
Yredelemnul
Zin


Innate Abilities, Weirdness & Mutations

You have a beak for a mouth.
You have claws for feet.
You can fly.


Message History

You are lethally poisoned!
You have difficulty breathing.
You feel as though you will be slow longer.
Something hits you. Something shocks you.
* * * LOW HITPOINT WARNING * * *
A kobold comes into view. It is wielding a dagger.
You see here a curare-tipped needle.
Unknown command.
Your surroundings suddenly seem different.
* * * LOW HITPOINT WARNING * * *
You feel very sick.
A wight comes into view.
It is wielding an enchanted great sword.
Okay, then.
Okay, then.
* * * LOW HITPOINT WARNING * * *
You feel very sick.
The wight moves out of view.
* * * LOW HITPOINT WARNING * * *
You feel very sick.
Are you sure you want to abandon this character and quit the game? (Confirm with "yes".)

#.. #.#
#.# #.#
##.##
#.####...#
#........#
#@..#
#####


There were no monsters in sight!

Vanquished Creatures
  Joseph (D:7)
  A phantom (D:5)
  2 sky beasts
  A centaur (D:6)
  A bullfrog (D:6)
  A bullfrog zombie (D:5)
  2 crimson imps (D:5)
  An orc priest (D:3)
  An orc wizard (D:4)
  2 iguanas
  4 worker ants
  A hound zombie (D:6)
  7 adders
  A gnoll (D:1)
  A shadow imp (D:5)
  2 oozes (D:2)
  An adder skeleton (D:5)
  An adder zombie (D:6)
  3 worms
  A dart slug (D:2)
  A leopard gecko (D:4)
  19 orcs
  2 giant cockroaches
  9 goblins
  9 hobgoblins
  17 jackals
  8 kobolds
  4 quokkas
  4 bats
  4 frilled lizards
  A quokka skeleton (D:6)
  4 rats
117 creatures vanquished.

Notes
Turn   | Place    | Note
-------+----------+-------------------------------------------
     0 | D:1      | Espgualade the Tengu Ice Elementalist began the quest for the Orb.
     0 | D:1      | Reached XP level 1. HP: 10/10 MP: 4/4
   150 | D:1      | Reached skill level 1 in Fighting
   212 | D:1      | Reached XP level 2. HP: 9/16 MP: 1/6
   400 | D:1      | Upgraded the game from 0.21-a0-364-gbd1fde4 to 0.21-a0-400-g417d9d2
   475 | D:1      | Learned a level 2 spell: Throw Frost
   483 | D:1      | Reached XP level 3. HP: 19/22 MP: 3/7
   875 | D:1      | Learned a level 3 spell: Ozocubu's Armour
  1028 | D:2      | Reached XP level 4. HP: 22/28 MP: 6/8
  1036 | D:2      | Found a shattered altar of Ashenzari.
  1644 | D:3      | Found a faded altar of an unknown god.
  1776 | D:3      | Gained mutation: You can fly. [Tengu growth]
  1776 | D:3      | Reached XP level 5. HP: 32/34 MP: 4/9
  2545 | D:3      | Found an ornate altar of the Wu Jian Council.
  2692 | D:3      | Found a snail-covered altar of Cheibriados.
  2737 | D:4      | Reached skill level 5 in Fighting
  3006 | D:4      | Found a white marble altar of Elyvilon.
  3082 | D:4      | Reached XP level 6. HP: 13/41 MP: 2/10
  3635 | D:4      | Found a basalt altar of Yredelemnul.
  3833 | D:5      | Entered Level 5 of the Dungeon
  3938 | D:5      | Noticed a sky beast
  3969 | D:5      | Noticed a phantom
  4216 | D:5      | Found a bloodstained altar of Trog.
  4334 | D:5      | Killed a phantom
  4334 | D:5      | Reached XP level 7. HP: 25/45 MP: 11/11
  4588 | D:5      | Learned a level 4 spell: Throw Icicle
  4921 | D:6      | Reached skill level 5 in Dodging
  5182 | D:6      | Reached skill level 5 in Stealth
  5330 | D:6      | Reached XP level 8. HP: 16/51 MP: 6/13
  5943 | D:7      | Noticed Joseph
  5974 | D:7      | Killed Joseph
  5974 | D:7      | Reached skill level 5 in Spellcasting
  6148 | D:7      | Found a staircase to the Ecumenical Temple.
  6153 | Temple   | Entered the Ecumenical Temple
  6180 | Temple   | Became a worshipper of Vehumet
  6263 | D:7      | Quit the game

Vault maps used:
D:1:      evilmike_arrival_plus
D:2:      nicolae_ashenzari_panopticon
D:3:      nicolae_overflow_hidden_temple, lemuel_coloured_pillars_altar,
          first_bread, chequers_ecumenical_altar_island
D:4:      kennysheep_ying_yang
D:5:      serial_bayou_pond_c, trog_book
D:7:      temple_doors_e, grunt_livestock, serial_bayou_pond_d, fedhas_altar_1,
          uniq_joseph
Temple:   minmay_temple_bridge_abc

Skill      XL: |  1  2  3  4  5  6  7  8 |
---------------+-------------------------+-----
Fighting       | 1 2 3 4 5 |  5.6
Dodging        | 3 5 |  5.0
Stealth        | 3 5 |  5.2
Spellcasting   | 3 5 |  5.2
Conjurations   | |  1.3
Ice Magic      | |  2.6

Action                   |  1- 3 |  4- 6 |  7- 9 || total
-------------------------+-------+-------+-------++-------
Melee: Unarmed           |    21 |       |       ||    21
       Kick              |    14 |    34 |    22 ||    70
       Peck              |    10 |    16 |     7 ||    33
       Flail             |    33 |    72 |       ||   105
       Mace              |       |    80 |    95 ||   175
 Cast: Freeze            |    20 |    33 |    12 ||    65
       Throw Frost       |     1 |     6 |     3 ||    10
       Ozocubu's Armour  |       |       |     3 ||     3
Evoke: Wand              |       |     1 |       ||     1
  Use: Scroll            |     2 |     6 |     5 ||    13
       Potion            |       |     2 |     6 ||     8
 Stab: Sleeping          |     3 |     3 |     5 ||    11
  Eat: Chunk             |     1 |     7 |     6 ||    14
       Bread ration      |       |     1 |       ||     1
Armor: Robe              |    15 |    32 |    26 ||    73
       Skin              |       |     6 |       ||     6
Dodge: Dodged            |    47 |   116 |    84 ||   247

Table legend:
 A = Spawn XP
 B = Non-spawn XP
 C = Spawn XP percentage of total XP
 D = Spawn monster count
 E = Non-spawn monster count
 F = Spawn count percentage of total count
 G = Total turns spent on level
                    A         B        C        D         E        F      G
               +---------+---------+-------+---------+---------+-------+---------
         Total |       0 |    1814 |   0.0 |       0 |     117 |   0.0 |  6263
               +---------+---------+-------+---------+---------+-------+---------
           D:1 |       0 |      51 |   0.0 |       0 |      24 |   0.0 |   894
           D:2 |       0 |      99 |   0.0 |       0 |      22 |   0.0 |   741
           D:3 |       0 |      78 |   0.0 |       0 |      17 |   0.0 |  1092
           D:4 |       0 |     166 |   0.0 |       0 |      15 |   0.0 |  1106
           D:5 |       0 |     489 |   0.0 |       0 |      14 |   0.0 |   756
           D:6 |       0 |     458 |   0.0 |       0 |      21 |   0.0 |  1328
           D:7 |       0 |     473 |   0.0 |       0 |       4 |   0.0 |   295
               +---------+---------+-------+---------+---------+-------+---------
